 Dungeon Crawl Stone Soup version 0.30-a0-242-g7bf8e6d787 (webtiles) character file.

Game seed: 4347516358625008151

95 Sobieck the Trooper (level 4, 0/46 HPs)
             Began as an Ogre Hexslinger on Oct 11, 2022.
             Slain by a black bear (7 damage)
             ... on level 4 of the Dungeon.
             The game lasted 00:04:53 (2667 turns).

Sobieck the Trooper (Ogre Hexslinger)               Turns: 2667, Time: 00:04:53

Health: 0/46       AC:  3    Str: 16    XL:     4   Next: 66%
Magic:  5/5        EV: 10    Int: 14    God:
Gold:   116        SH:  0    Dex: 15    Spells: 4/5 levels left

rFire   . . .      SeeInvis .    a - +0 flail {mace}
rCold   . . .      Faith    .    (no shield)
rNeg    . . .      Spirit   .    c - +0 robe
rPois   .          Reflect  .    (helmet restricted)
rElec   .          Harm     .    (no cloak)
rCorr   .          Rampage  .    (gloves unavailable)
Will    .....                    (boots unavailable)
Stlth   +.........               (no amulet)
HPRegen 0.27/turn                q - +6 ring of dexterity
MPRegen 0.09/turn                (no ring)

@: no status effects
A: large, unfitting armour, tough skin 1
a: no special abilities


You were on level 4 of the Dungeon.
You visited 1 branch of the dungeon, and saw 4 of its levels.

You collected 116 gold pieces.


Innate Abilities, Weirdness & Mutations

You are too large for most types of armour.
You have tough skin. (AC +1)


   Skills:
 + Level 3.6 Fighting
 * Level 2.4 Maces & Flails
 - Level 1.3 Ranged Weapons
 + Level 1.3 Throwing
 - Level 1.7 Dodging
 - Level 1.2 Spellcasting
 - Level 2.6 Hexes


You had 4 spell levels left.
You knew the following spells:

 Your Spells              Type           Power      Damage    Failure   Level
a - Slow                  Hex            32%        N/A       9%          1

Your spell library contained the following spells:

 Spells                   Type           Power      Damage    Failure   Level
 Shock                    Conj/Air       0%         1d3       26%         1
 Inner Flame              Hex/Fire       4%         N/A       41%         3
 Portal Projectile        Hex/Tloc       8%         N/A       41%         3
 Swiftness                Air            0%         N/A       61%         3
 Cause Fear               Hex            4%         N/A       65%         4
 Airstrike                Air            0%         2d(0-16)  95%         4

Inventory:

Hand Weapons
 a - a +0 flail (weapon) {mace}
   (You found it on level 1 of the Dungeon)
 b - a +1 sling
Missiles
 d - 5 stones (quivered) {throwing}
 i - a throwing net {=f!fthrowing}
Armour
 c - a +0 robe (worn)
 n - a +0 robe
   (You found it on level 1 of the Dungeon)
 r - a +0 robe
   (You found it on level 2 of the Dungeon)
 t - a +0 robe
   (You found it on level 2 of the Dungeon)
 u - a +0 robe
   (You found it on level 2 of the Dungeon)
Jewellery
 q - a +6 ring of dexterity (left hand)
   (You found it on level 2 of the Dungeon)
Scrolls
 e - 3 scrolls of teleportation {unknown}
 f - a scroll of poison {!r}
 k - 3 scrolls of immolation {unknown}
 l - a scroll of amnesia {unknown}
 o - a scroll of brand weapon {unknown}
 s - a scroll of identify {unknown}
 w - 3 scrolls of fear {unknown}
 y - 2 scrolls of fog {unknown}
Potions
 g - a potion of ambrosia {unknown}
 h - a potion of mutation {unknown}
 j - a potion of berserk rage {unknown}
 p - 5 potions of curing {unknown}
 v - a potion of haste {unknown}
 x - 2 potions of magic {unknown}
 z - a potion of heal wounds {unknown}
 A - a potion of might {unknown}

Dungeon Overview and Level Annotations

Branches:
Dungeon (4/15) Zot: 21272
 Temple: D:4-7

Altars:
Uskayaw
Xom

#.#.8 #........
#.##.##..K.....
#..#..##.#....
#.....##.# ...
#.#...##># .
#...#.##.#
###......# ###h####
#@##########
##..........#
#...#######.#####
####.#.......[......
#.......#####.....
#.##.#..#####...#
#.##.......##...#
#.####..##.<....#
#.......#####..##


You could see a black bear.


Message History

Danger!
You shoot a sling bullet. The sling bullet hits the black bear.
The black bear growls angrily.
You hear an angry hiss.
A ball python comes into view.
You shoot a sling bullet.
The sling bullet hits the black bear but does no damage.
You hear a shout!
You throw a large rock {=fthrowing}.
The large rock {=fthrowing} barely misses the black bear.
A kobold comes into view.
It is wielding a +0 club and quivering poisoned darts.
Unknown command.
The kobold throws a poisoned dart.
The poisoned dart closely misses you.
Unknown command.
The ball python attacks as you move away!
The ball python bites you.
The ball python attacks as you move away!
The ball python bites you.
You shoot a sling bullet.
The sling bullet barely misses the ball python.
The sling bullet hits the kobold.
The ball python bites you. The ball python closely misses you.
Unknown command.
You shoot a sling bullet.
The sling bullet closely misses the ball python.
The sling bullet closely misses the kobold.
The sling bullet hits the black bear.
The ball python barely misses you.
Unknown command.
a - a +0 flail (weapon)
{mace} The ball python closely misses you.
Unknown command.
Unknown command.
You barely miss the ball python.
The ball python bites you but does no damage.
The ball python completely misses you.
You barely miss the ball python.
The ball python bites you but does no damage.
Unknown command.
You hit the ball python. The ball python closely misses you.
The ball python barely misses you.
You barely miss the ball python.
The ball python bites you but does no damage.
You thump the ball python!
You kill the ball python!
Unknown command.
You closely miss the kobold. The kobold hits you with a +0 club.
You hit the kobold. The kobold barely misses you.
Unknown command.
You hit the kobold but do no damage. The kobold closely misses you. x2
You hit the kobold.
You kill the kobold!
Unknown command.
Throw: 3 large rocks {=fthrowing}
Press: ? - help, Q - select action, (/) - cycle Shift-Dir - straight line, f - black bear
Aim: a black bear (lightly wounded, 67% to hit)
You throw a large rock {=fthrowing}.
The large rock {=fthrowing} completely misses the black bear.
The black bear bites you! The black bear claws you.
The black bear completely misses you. The black bear bites you.
The black bear claws you but does no damage.
The black bear claws you.
Throw: 2 large rocks {=fthrowing}
Press: ? - help, Q - select action, (/) - cycle Shift-Dir - straight line, f/p - black bear
Aim: a black bear (lightly wounded, 67% to hit)
You throw a large rock {=fthrowing}.
The large rock {=fthrowing} hits the black bear.
The black bear completely misses you.
The black bear claws you but does no damage.
The black bear claws you. The black bear bites you. The black bear claws you.
* * * LOW HITPOINT WARNING * * *
The black bear claws you but does no damage.
Throw: large rock {=fthrowing}
Press: ? - help, Q - select action, (/) - cycle Shift-Dir - straight line, f/p - black bear
Aim: a black bear (lightly wounded, 67% to hit)
You throw a large rock {=fthrowing}.
The large rock {=fthrowing} barely misses the black bear.
The black bear bites you!
* * * LOW HITPOINT WARNING * * *
The black bear claws you.
* * * LOW HITPOINT WARNING * * *
The black bear barely misses you. The black bear bites you.
* * * LOW HITPOINT WARNING * * *
The black bear claws you.
* * * LOW HITPOINT WARNING * * *
The black bear closely misses you.
Throw: 7 stones {throwing}
Press: ? - help, Q - select action, (/) - cycle Shift-Dir - straight line, f/p - black bear
Aim: a black bear (lightly wounded, 67% to hit)
You throw a stone {throwing}.
The stone {throwing} hits the black bear.
The black bear bites you.
* * * LOW HITPOINT WARNING * * *
The black bear barely misses you.
The black bear claws you but does no damage.
Throw: 6 stones {throwing}
Press: ? - help, Q - select action, (/) - cycle Shift-Dir - straight line, f/p - black bear
Aim: a black bear (lightly wounded, 67% to hit)
You throw a stone {throwing}.
The stone {throwing} hits the black bear.
The black bear bites you!
You die...

Skill      XL: |  1  2  3  4 |
---------------+-------------+-----
Fighting       | 2 3 |  3.6
Maces & Flails | 1 2 |  2.4
Throwing       | 1 |  1.3
Ranged Weapons | |  1.3
Dodging        | |  1.7
Spellcasting   | |  1.2
Hexes          | |  2.6

Action                   |  1- 3 |  4- 6 || total
-------------------------+-------+-------++-------
Melee: Flail             |    44 |    40 ||    84
 Fire: Sling             |    51 |    25 ||    76
Throw: Stone             |    33 |    33 ||    66
       Large rock        |     3 |     5 ||     8
 Cast: Slow              |     2 |       ||     2
 Stab: Sleeping          |     1 |       ||     1
Armor: Robe              |    27 |    16 ||    43
Dodge: Dodged            |    44 |    30 ||    74

Levels and vault maps discovered:
D:1:      minmay_arrival_shattered_statue, layout_rooms, serial_forest,
          infiniplex_forest_clump_small, infiniplex_forest_pool,
          infiniplex_forest_clump_curved, infiniplex_forest_clump_medium,
          infiniplex_forest_clump_medium, infiniplex_forest_clump_cross,
          infiniplex_forest_clump_long
D:2:      layout_loops_ring, shapermc_ecumenical_altar_gd
D:3:      layout_rooms, mainiacjoe_overflow_chevrons, nicolae_uskayaw_en_pointe
D:4:      layout_loops_cross, minmay_temple_entry_ruins, grunt_decor_one_mirror

Notes
Turn   | Place    | Note
-------+----------+-------------------------------------------
     0 | D:1      | Sobieck the Ogre Hexslinger began the quest for the Orb.
     0 | D:1      | Reached XP level 1. HP: 19/19 MP: 2/2
    69 | D:1      | You pick up a book of Air and begin reading...
    69 | D:1      | You add the spells Shock, Swiftness and Airstrike to your
                  | library.
    84 | D:1      | Reached skill level 2 in Fighting
   286 | D:1      | Reached XP level 2. HP: 29/29 MP: 3/3
   374 | D:1      | Reached skill level 1 in Maces & Flails
  1053 | D:2      | Reached skill level 3 in Fighting
  1056 | D:2      | Found a faded altar of an unknown god.
  1074 | D:2      | Reached XP level 3. HP: 37/37 MP: 4/4
  1836 | D:2      | Reached skill level 1 in Throwing
  1841 | D:2      | Reached XP level 4. HP: 41/45 MP: 5/5
  1913 | D:3      | Reached skill level 2 in Maces & Flails
  2334 | D:3      | Noticed a +0 short sword
  2335 | D:3      | Noticed a +0 spear
  2335 | D:3      | Noticed a +0 falchion
  2342 | D:3      | Found a hide-covered altar of Uskayaw.
  2342 | D:3      | Noticed a +0 dagger
  2342 | D:3      | Noticed a +0 falchion
  2343 | D:3      | Noticed a +0 spear
  2343 | D:3      | Noticed a +0 dagger
  2345 | D:3      | Noticed a +0 short sword
  2506 | D:3      | Found a shimmering altar of Xom.
  2639 | D:4      | Noticed a black bear
  2665 | D:4      | HP: 10/46 [black bear (3)]
  2667 | D:4      | Slain by a black bear

Vanquished Creatures
  2 adders (D:2)
  An ufetubus (D:3)
  A worm (D:2)
  3 dart slugs
  4 orcs (D:3)
  6 bats
  2 endoplasms (D:3)
  2 giant cockroaches (D:1)
  4 hobgoblins
  6 kobolds
  3 quokkas
  8 ball pythons
  4 frilled lizards
  7 goblins
  2 rats
55 creatures vanquished.

Vanquished Creatures (others)
  5 demonic plants (D:2)
  A withered plant (D:2)
6 creatures vanquished.

Grand Total: 61 creatures vanquished

Table legend:
 A = Non-vault XP
 B = Vault XP
 C = Vault XP percentage of total XP
 D = Non-vault monster count
 E = Vault monster count
 F = Vault count percentage of total count
                 A         B        C        D         E       F
            +---------+---------+-------+---------+---------+-------
      Total |     137 |       0 |   0.0 |      55 |       0 |   0.0
            +---------+---------+-------+---------+---------+-------
        D:1 |      27 |       0 |   0.0 |      16 |       0 |   0.0
        D:2 |      55 |       0 |   0.0 |      17 |       0 |   0.0
        D:3 |      51 |       0 |   0.0 |      20 |       0 |   0.0
        D:4 |       4 |       0 |   0.0 |       2 |       0 |   0.0
            +---------+---------+-------+---------+---------+-------

Illustrated notes

Table legend:
 A = Kills in this place as a percentage of kills in entire the game.
 B = Kills by you in this place as a percentage of kills by you in the entire game.
 C = Kills by friends in this place as a percentage of kills by friends in the entire game.
 D = Other kills in this place as a percentage of other kills in the entire game.
 E = Experience gained in this place as a percentage of experience gained in the entire game.
 F = Experience gained in this place divided by the number of levels of this place that you have seen.
                   A       B       C       D       E      F
               +-------+-------+-------+-------+-------+----------------------
         Total | 100.0 | 100.0 |   N/A |   N/A | 100.0 |  34.2
       Dungeon | 100.0 | 100.0 |   N/A |   N/A | 100.0 |  34.2
               +-------+-------+-------+-------+-------+----------------------

Table legend: (Time is in decaauts)
 A = Elapsed time spent in this place.
 B = Non-inter-level travel time spent in this place.
 C = Inter-level travel time spent in this place.
 D = Time resting spent in this place.
 E = Time spent auto-exploring this place.
 F = Levels seen in this place.
 G = Mean time per level.
                   A        B        C        D        E       F      G
               +--------+--------+--------+--------+--------+-----+--------+
         Total |   2726 |   2628 |     98 |    220 |   1957 |   4 |  681.5 |
       Dungeon |   2726 |   2628 |     98 |    220 |   1957 |   4 |  681.5 |
               +--------+--------+--------+--------+--------+-----+--------+

Top non-repeatable levels by time:
     D:1: 1036 daAuts
     D:2: 907 daAuts
     D:3: 700 daAuts
     D:4: 81 daAuts
